[Event "Metz op 31th"]
[Site "Metz"]
[Date "2013.04.21"]
[Round "2"]
[White "Lagarde, Maxime"]
[Black "Philippe, Christophe"]
[Result "0-1"]
[ECO "D07"]
[WhiteElo "2532"]
[BlackElo "2384"]
[Annotator "Metz Alekhine/Primel,D"]
[PlyCount "62"]
[EventDate "2013.04.20"]
[EventType "swiss"]
[EventRounds "9"]
[EventCountry "FRA"]
[SourceTitle "EXT 2016"]
[Source "ChessBase"]
[SourceDate "2015.10.08"]
[SourceVersion "1"]
[SourceVersionDate "2015.10.08"]
[SourceQuality "1"]
[TimeControl "40/5400:1800+30"]
[WhiteClock "1:30:00"]
[BlackClock "1:30:00"]

1. d4 d5 2. c4 Nc6 {Le MI qui double les Noirs rejoue sa défense de la 1ère
ronde mais il aurait du perdre cette partie.} 3. e3 (3. Nc3 $1 {Plus simple à
jouer pour les Blancs} dxc4 4. d5 (4. Nf3 Nf6 5. Bg5 {Bauche,T (1978)-Philippe,
C (2384) Op 31th Metz 2013 (1.21) 0-1} (5. e4 Bg4 6. d5 Ne5 7. Bf4 Ng6 8. Be3
e5 9. Bxc4 $14)) 4... Ne5 5. f4) 3... e5 4. Nf3 (4. dxe5 d4 $13) 4... Bg4 5.
Be2 $6 {Une ligne trés compliquée mais assez douteuse} (5. Qb3 $142 Bxf3 6.
gxf3 Bb4+ 7. Bd2 Bxd2+ 8. Nxd2 exd4 9. cxd5 dxe3 10. fxe3 Qh4+ 11. Kd1 Nd8 {
le K Blanc est déroqué mais les Blancs ont le centre et un B supérieur au N}
12. Rc1 $14 {Hoelzl,F (2364)-Kuba,G (2406) AUT-chT 0506 2005 (1) 1-0} (12. Qc4
Qf2)) 5... e4 $1 (5... Bb4+ 6. Nc3) 6. Nfd2 Bxe2 7. Qxe2 (7. Kxe2 $13 {Socko,M
(2310)-Belic,J (2295) BL 9596 (Women) 1995 1/2}) 7... Nb4 8. O-O Nc2 $40 9. Nc3
$146 (9. Nxe4 Nxa1 10. cxd5 Qxd5 11. Nbc3 Qd7 12. Qd3 O-O-O 13. Bd2 f5 14. Ng5
h6 15. Nf3 Bd6 16. Rxa1 g5 17. Rc1 g4 18. Nh4 Ne7 19. Nb5 Kb8 20. Ba5 Rc8 21.
Qb3 f4 22. e4 a6 23. Nc3 Nc6 24. Qd5 b6 25. Ng6 Rhd8 26. b4 bxa5 27. bxa5 Bb4
28. Rb1 Qxd5 29. exd5 Ka8 30. dxc6 Bxc3 {0-1 (30) Karolyfalvi,Z (2206)-Nemeth,
M (2375) Miskolc 2004}) 9... Nxa1 10. cxd5 Nf6 11. f3
$1 $32 {[%csl Re8] Pour justifier le sacrifice de qualité, les Blancs doivent
tenter d'accentuer l'avance de développement} exf3 12. Qb5+ Qd7 13. Qxb7 Rd8
14. Nxf3 Bd6 (14... c5 $5 {[%cal Gd7b7] Pose davantage de problèmes aux Blancs
} 15. Qa6 Bd6 16. e4 O-O 17. e5 cxd4 18. Nb5 Nxd5 19. Nxd6 Nc2 $17 {[%cal
Gc2e3] Le Na1 doit pouvoir sortir}) 15. e4 O-O 16. e5 Nc2 17.
exf6 Rfe8 18. fxg7 (18. Ne5 Bxe5 19. dxe5 Rxe5 20. fxg7) 18... Nxd4 $1 19. Qxa7
(19. Nxd4 Bc5) 19... Nxf3+ 20. gxf3 Qh3 $36 {[%csl Rg1][%cal Ge8e5,Ge5h5] Les
deux K sont exposés mais il n'est pas facile pour les Noirs d'amener des R à
l'aile-roi} (20... Bxh2+ $5 21. Kxh2 Qd6+ 22. Kh1 Qg3 23. Ne4 (23. Qf2 Qh3+)
23... Rxe4 $1 24. fxe4 Qh3+ 25. Kg1 Qg3+ {Forçant la nulle}) 21. Qf2 f5 $1 (
21... Re5 22. Bf4) 22. Qg2 Qh5 23. Bg5 $6 (23. Nb5) 23... Bxh2+ $40 24. Kf2 Rb8
25. b3 Be5 (25... f4 ) 26. Ne2 Bd6 27. Rh1 Qg6 28. Rh6 Bc5+ (
28... Qxg7) 29. Ke1 $2 (29. Kf1 $142 {Evite le vis-à-vis avec la Re8}) 29...
Qxg7 30. Qg3 Rb6 31. Rxb6 Bxb6 0-1